Rangers vs Sharks

Created - 13 décembre 2015 at 19:05

Goals
1 2 3 T
Rangers 2 1 2 5
Sharks 0 2 0 2
Shots
1 2 3 T
Rangers 7 12 15 34
Sharks 3 15 6 24

1st period

1. Rangers , Chris Bourque 2 (Patrice Bergeron, Matt Greene) at 0:43 (PP)
2. Rangers , Brad Richards 9 (Milan Lucic) at 15:40

Penalties :
David Legwand (SJS) for Diving (Minor) at 0:14, Kim Johnsson (SJS) for Interference (Minor) at 5:55, Colten Teubert (NYR) for Cross-checking (Minor) at 19:27

2nd period

3. Sharks , Ted Purcell 6 (David Legwand) at 0:08 (PP)
4. Rangers , Brad Richards 10 (Cam Barker, Milan Lucic) at 12:18 (PP)
5. Sharks , Michal Rozsival 3 (Antoine Vermette, Dan Ellis) at 19:47 (PP)

Penalties :
Daniel Alfredsson (SJS) for Interference (Minor) at 12:08, Jay Bouwmeester (SJS) for Interference (Minor) at 12:42, Milan Lucic (NYR) for Roughing (Minor) at 19:17

3rd period

6. Rangers , Chris Bourque 3 (Patrice Bergeron, Staffan Kronwall) at 4:48
7. Rangers , Jakob Silfverberg 5 (Milan Lucic, Brad Richards) at 7:38 (PP)

Penalties :
Colten Teubert (NYR) for Tripping (Minor) at 0:49, Jay Bouwmeester (SJS) for Hooking (Minor) at 7:22, Ted Purcell (SJS) for Slashing (Minor) at 12:00

Goalie Stats

Hannu Toivonen (NYR), 22 saves from 24 shots - (0,917), W, 6-4-0, 60:00 minutes
Dan Ellis (SJS), 29 saves from 34 shots - (0,853), L, 7-6-1, 60:00 minutes

Players Stats for Rangers

Player Name              G  A  P  +/- PIM S  H  SB GA TA FO     MP     PP MP  PK MP  
------------------------------------------------------------------------------------
Alexei Emelin            0  0  0   0  0   0  1  0  0  0  0/0    11:52   0:00   0:47 
Brad Richards            2  1  3   1  0   4  1  0  0  0  10/23  16:56   3:51   0:09 
Cam Barker               0  1  1   1  0   3  0  0  0  0  0/0    25:15   4:25   0:00 
Chris Bourque            2  0  2   1  0   8  2  0  5  0  0/1    17:36   2:49   0:15 
Colten Teubert           0  0  0   1  4   1  3  0  0  0  0/0    17:00   0:00   0:00 
Drew Stafford            0  0  0   0  0   0  1  0  1  0  0/0    16:40   4:25   0:00 
Gustav Nyquist           0  0  0   0  0   1  1  0  0  0  1/2    15:02   2:49   0:00 
Jakob Silfverberg        1  0  1   1  0   2  2  0  0  1  1/2    16:57   3:51   0:00 
Johan Franzen            0  0  0   0  0   2  2  0  0  1  0/0    11:11   0:12   0:35 
Mark Fistric             0  0  0   1  0   0  0  1  0  0  0/0    19:25   0:00   2:23 
Matt Greene              0  1  1   1  0   4  2  2  0  0  0/0    25:05   2:27   0:47 
Mike Cammalleri          0  0  0   0  0   3  1  0  0  0  1/1    15:34   2:27   0:00 
Milan Lucic              0  3  3   1  2   3  3  0  1  0  0/2    16:53   3:57   0:00 
Nick Foligno             0  0  0   0  0   0  1  0  0  0  1/2    12:49   0:06   2:20 
Patrice Bergeron         0  2  2   1  0   2  0  0  0  0  3/9    17:43   2:49   0:41 
Radek Bonk               0  0  0   0  0   0  0  1  0  1  3/8    12:56   0:12   2:20 
Staffan Kronwall         0  1  1   1  0   1  1  1  0  1  0/0    15:28   0:00   2:23 
Valtteri Filppula        0  0  0   0  0   0  0  0  1  0  4/12   12:25   0:00   0:00 

Players Stats for Sharks

Player Name              G  A  P  +/- PIM S  H  SB GA TA FO     MP     PP MP  PK MP  
------------------------------------------------------------------------------------
Alex Pietrangelo         0  0  0  -1  0   1  2  0  1  0  0/0    19:02   0:54   2:12 
Alexander Radulov        0  0  0  -1  0   0  1  0  0  0  0/0    11:58   0:00   0:00 
Antoine Vermette         0  1  1   0  0   2  3  0  1  1  8/15   19:17   1:13   3:58 
Daniel Alfredsson        0  0  0   0  2   1  0  0  0  0  1/1    15:18   1:13   0:00 
David Legwand            0  1  1  -1  2   1  1  0  0  0  22/36  21:47   1:57   3:43 
Derek Boogaard           0  0  0  -1  0   1  9  0  0  1  1/1    20:57   1:57   2:34 
Jason Allison            0  0  0  -1  0   3  2  0  0  0  1/2    13:49   0:00   1:51 
Jay Bouwmeester          0  0  0   0  4   0  5  1  1  1  0/0    25:26   2:16   3:01 
Kim Johnsson             0  0  0  -1  2   0  0  1  0  0  0/0    15:29   0:00   1:39 
Lasse Kukkonen           0  0  0  -1  0   0  0  1  0  2  0/0    19:02   0:54   2:12 
Marcel Hossa             0  0  0  -1  0   3  1  0  0  0  0/0    12:58   0:00   0:20 
Markus Naslund           0  0  0   0  0   0  2  1  0  0  1/1     9:12   0:00   1:18 
Martin Erat              0  0  0   0  0   0  1  0  0  0  0/0     7:35   0:00   0:00 
Michal Rozsival          1  0  1   0  0   2  4  2  0  1  0/0    27:15   2:16   4:40 
Paul Gaustad             0  0  0   0  0   1  1  1  0  0  1/2    10:56   0:00   0:00 
Steve McCarthy           0  0  0  -1  0   2  0  0  1  1  0/0    13:43   0:00   0:00 
Ted Purcell              1  0  1  -1  2   3  1  0  0  1  3/4    18:15   1:57   0:00 
Tuomo Ruutu              0  0  0   0  0   4  1  0  0  0  0/0    11:03   1:13   0:00 

3 Stars

1 - Brad Richards (NYR)
2 - Chris Bourque (NYR)
3 - Milan Lucic (NYR)

Power Play

Rangers - 3 on 6 Attempt(s) - 50,00%
Sharks - 2 on 3 Attempt(s) - 66,67%

Penalty Kill

Rangers - 1 on 3 Attempt(s) - 33,33% - Score 0 goal in Penalty Kill
Sharks - 3 on 6 Attempt(s) - 50,00% - Score 0 goal in Penalty Kill

Team Stat

Rangers - Hits : 21 - Faceoff Wins : 24 - Blocked Shots : 5 - Penalty Minutes : 6
Sharks - Hits : 34 - Faceoff Wins : 38 - Blocked Shots : 7 - Penalty Minutes : 12

Official

Referees : Devorski Paul and Furlatt Eric
Linesman : Ryan Galloway and Thor Nelson

Game Notes

Tuomo Ruutu is injured at 5:17 of 3rd period (Upper Body)
12:40 of 3rd period - Rangers goal is going for a video replay. After video review, No Goal. The net was displaced accidentally.

Finance

Level 1 -- Attendance: 5065 (84,42%) -- Ticket Income 455 850 $
Level 2 -- Attendance: 3630 (72,60%) -- Ticket Income 217 800 $
Level 3 -- Attendance: 1346 (67,30%) -- Ticket Income 53 840 $
Level 4 -- Attendance: 4000 (100,00%) -- Ticket Income 80 000 $
Luxury Box -- Attendance: 768 (76,80%) -- Ticket Income 138 240 $
Game was played at the Hockey Place Center'
Total Attendance: 14809 (82,27%)
Total Ticket Income: 945 730 $
Other Income: 141 860 $
Total Income: 1 087 590 $

Rangers

5 vs 5 Forward 
   Center                   Left Wing                Right Wing               Time % Phy DF OF 
 1 Brad Richards            Milan Lucic              Jakob Silfverberg        30     1   2  2  
 2 Patrice Bergeron         Chris Bourque            Gustav Nyquist           25     1   2  2  
 3 Valtteri Filppula        Mike Cammalleri          Drew Stafford            25     1   2  2  
 4 Radek Bonk               Nick Foligno             Johan Franzen            20     2   2  1  

5 vs 5 Defense 
   Defense                  Defense                                           Time % Phy DF OF 
 1 Cam Barker               Matt Greene                                       40     1   2  2  
 2 Mark Fistric             Colten Teubert                                    30     1   2  2  
 3 Alexei Emelin            Staffan Kronwall                                  20     1   2  2  
 4 Cam Barker               Matt Greene                                       10     1   2  2  

PowerPlay Forward 
   Center                   Left Wing                Right Wing               Time % Phy DF OF 
 1 Brad Richards            Milan Lucic              Jakob Silfverberg        60     1   0  4  
 2 Patrice Bergeron         Chris Bourque            Gustav Nyquist           40     1   0  4  

PowerPlay Defense
   Defense                  Defense                                           Time % Phy DF OF 
 1 Cam Barker               Drew Stafford                                     60     1   1  3  
 2 Mike Cammalleri          Matt Greene                                       40     1   1  3  

Penalty Kill 4 Players Forward 
   Center                   Wing                     Time % Phy DF OF 
 1 Radek Bonk               Nick Foligno             60     1   3  1  
 2 Patrice Bergeron         Johan Franzen            40     1   3  1  

Penalty Kill 4 Players Defense
   Defense                  Defense                  Time % Phy DF OF 
 1 Mark Fistric             Staffan Kronwall         60     2   3  0  
 2 Matt Greene              Alexei Emelin            40     2   3  0  

Penalty Kill - 3 Players Forward 
   Forward                                           Time % Phy DF OF 
 1 Radek Bonk                                        60     1   4  0  
 2 Patrice Bergeron                                  40     1   4  0  

Penalty Kill - 3 Players Defense
   Defense                  Defense                  Time % Phy DF OF 
 1 Mark Fistric             Staffan Kronwall         60     2   3  0  
 2 Matt Greene              Alexei Emelin            40     2   3  0  

4 vs 4 Forward 
   Center                   Wing                     Time % Phy DF OF 
 1 Brad Richards            Milan Lucic              60     1   2  2  
 2 Patrice Bergeron         Chris Bourque            40     1   2  2  

4 vs 4 Defense
   Defense                  Defense                  Time % Phy DF OF 
 1 Colten Teubert           Mark Fistric             60     1   2  2  
 2 Cam Barker               Matt Greene              40     1   2  2  

Last Minutes Offensive
   Center                   Left Wing                Right Wing               Defense                  Defense                  
   Brad Richards            Milan Lucic              Gustav Nyquist           Patrice Bergeron         Mark Fistric             

Last Minutes Defensive
   Center                   Left Wing                Right Wing               Defense                  Defense                  
   Patrice Bergeron         Nick Foligno             Johan Franzen            Cam Barker               Mark Fistric             

Goaltenders
Starting : Hannu Toivonen           
Backup : Henrik Lundqvist         

Extra Forwards
Normal : Patrice Bergeron, Milan Lucic, Brad Richards - PP : Patrice Bergeron, Radek Bonk - PK : Patrice Bergeron
Extra Defensemen
Normal : Matt Greene, Mark Fistric, Cam Barker - PP : Mark Fistric - PK : Mark Fistric, Cam Barker
Penalty Shots
Patrice Bergeron, Brad Richards, Milan Lucic, Johan Franzen, Chris Bourque

Sharks

5 vs 5 Forward 
   Center                   Left Wing                Right Wing               Time % Phy DF OF 
 1 David Legwand            Derek Boogaard           Ted Purcell              40     1   2  2  
 2 Antoine Vermette         Tuomo Ruutu              Daniel Alfredsson        30     1   2  2  
 3 Jason Allison            Marcel Hossa             Alexander Radulov        20     1   2  2  
 4 Paul Gaustad             Markus Naslund           Martin Erat              10     1   2  2  

5 vs 5 Defense 
   Defense                  Defense                                           Time % Phy DF OF 
 1 Jay Bouwmeester          Michal Rozsival                                   40     1   2  2  
 2 Alex Pietrangelo         Lasse Kukkonen                                    30     1   2  2  
 3 Steve McCarthy           Kim Johnsson                                      20     1   2  2  
 4 Jay Bouwmeester          Michal Rozsival                                   10     1   2  2  

PowerPlay Forward 
   Center                   Left Wing                Right Wing               Time % Phy DF OF 
 1 David Legwand            Derek Boogaard           Ted Purcell              60     1   2  2  
 2 Antoine Vermette         Tuomo Ruutu              Daniel Alfredsson        40     1   2  2  

PowerPlay Defense
   Defense                  Defense                                           Time % Phy DF OF 
 1 Jay Bouwmeester          Michal Rozsival                                   60     1   2  2  
 2 Alex Pietrangelo         Lasse Kukkonen                                    40     1   2  2  

Penalty Kill 4 Players Forward 
   Center                   Wing                     Time % Phy DF OF 
 1 David Legwand            Antoine Vermette         60     1   2  2  
 2 Jason Allison            Derek Boogaard           40     1   2  2  

Penalty Kill 4 Players Defense
   Defense                  Defense                  Time % Phy DF OF 
 1 Jay Bouwmeester          Michal Rozsival          60     1   2  2  
 2 Alex Pietrangelo         Lasse Kukkonen           40     1   2  2  

Penalty Kill - 3 Players Forward 
   Forward                                           Time % Phy DF OF 
 1 David Legwand                                     60     1   2  2  
 2 Antoine Vermette                                  40     1   2  2  

Penalty Kill - 3 Players Defense
   Defense                  Defense                  Time % Phy DF OF 
 1 Jay Bouwmeester          Michal Rozsival          60     1   2  2  
 2 Alex Pietrangelo         Lasse Kukkonen           40     1   2  2  

4 vs 4 Forward 
   Center                   Wing                     Time % Phy DF OF 
 1 David Legwand            Antoine Vermette         60     1   2  2  
 2 Jason Allison            Derek Boogaard           40     1   2  2  

4 vs 4 Defense
   Defense                  Defense                  Time % Phy DF OF 
 1 Jay Bouwmeester          Michal Rozsival          60     1   2  2  
 2 Alex Pietrangelo         Lasse Kukkonen           40     1   2  2  

Last Minutes Offensive
   Center                   Left Wing                Right Wing               Defense                  Defense                  
   David Legwand            Derek Boogaard           Ted Purcell              Jay Bouwmeester          Michal Rozsival          

Last Minutes Defensive
   Center                   Left Wing                Right Wing               Defense                  Defense                  
   David Legwand            Derek Boogaard           Ted Purcell              Jay Bouwmeester          Michal Rozsival          

Goaltenders
Starting : Dan Ellis                
Backup : Mike Brodeur             

Extra Forwards
Normal : Paul Gaustad, Marcel Hossa, Markus Naslund - PP : Paul Gaustad, Marcel Hossa - PK : Markus Naslund
Extra Defensemen
Normal : Steve McCarthy, Kim Johnsson, Alex Pietrangelo - PP : Steve McCarthy - PK : Kim Johnsson, Alex Pietrangelo
Penalty Shots
David Legwand, Antoine Vermette, Jason Allison, Derek Boogaard, Ted Purcell

% Time on Ice - Rangers

Lines # - Real PCT - Wanted PCT - Time Play
Normal Forward
1 - 30% - 30% - 14:58
2 - 24% - 25% - 12:13
3 - 25% - 25% - 12:25
4 - 21% - 20% - 10:22
Normal Defense
1 - 41% - 40% - 20:18
2 - 32% - 30% - 16:03
3 - 22% - 20% - 11:05
4 - 5% - 10% - 2:32
PP Forward
1 - 59% - 60% - 4:03
2 - 41% - 40% - 2:49
PP Defense
1 - 64% - 60% - 4:25
2 - 36% - 40% - 2:27
PK Forward
1 - 82% - 60% - 2:35
2 - 18% - 40% - 0:35
PK Defense
1 - 75% - 60% - 2:23
2 - 25% - 40% - 0:47
PK3 Forward
1 - 0% - 60%
2 - 0% - 40%
PK3 Defense
1 - 0% - 60%
2 - 0% - 40%
44 Forward
1 - 0% - 60%
2 - 0% - 40%
44 Defense
1 - 0% - 60%
2 - 0% - 40%
Last Minute Offensive  - 0:00
Last Minute Defensive  - 0:00
Total
Forward - 60:00
Defense - 60:00

% Time on Ice - Sharks

Lines # - Real PCT - Wanted PCT - Time Play
Normal Forward
1 - 33% - 40% - 16:19
2 - 28% - 30% - 14:06
3 - 24% - 20% - 11:58
4 - 15% - 10% - 7:35
Normal Defense
1 - 38% - 40% - 18:58
2 - 32% - 30% - 15:56
3 - 27% - 20% - 13:43
4 - 3% - 10% - 1:21
PP Forward
1 - 62% - 60% - 1:57
2 - 38% - 40% - 1:13
PP Defense
1 - 72% - 60% - 2:16
2 - 28% - 40% - 0:54
PK Forward
1 - 75% - 60% - 5:10
2 - 25% - 40% - 1:42
PK Defense
1 - 68% - 60% - 4:40
2 - 32% - 40% - 2:12
PK3 Forward
1 - 0% - 60%
2 - 0% - 40%
PK3 Defense
1 - 0% - 60%
2 - 0% - 40%
44 Forward
1 - 0% - 60%
2 - 0% - 40%
44 Defense
1 - 0% - 60%
2 - 0% - 40%
Last Minute Offensive  - 0:00
Last Minute Defensive  - 0:00
Total
Forward - 60:00
Defense - 60:00

Play by Play

1st period


0:01 of 1st period - Jakob Silfverberg wins face-off versus David Legwand in neutral zone.
0:06 of 1st period - Michal Rozsival is hit by Milan Lucic and loses puck.
0:14 of 1st period - Minor Penalty to David Legwand for Diving.
0:15 of 1st period - Markus Naslund wins face-off versus Brad Richards in Sharks zone.
0:29 of 1st period - Wrist shot by Milan Lucic.
0:29 of 1st period - Stopped by Dan Ellis without a rebound.
0:30 of 1st period - Patrice Bergeron wins face-off versus Jason Allison in Sharks zone.
0:33 of 1st period - Snap shot by Chris Bourque.
0:33 of 1st period - Shot Misses the Net.
0:43 of 1st period - Slapshot by Chris Bourque.
0:43 of 1st period - Goal by Chris Bourque - Rangers : 1 - Sharks : 0.
0:44 of 1st period - Patrice Bergeron wins face-off versus Antoine Vermette in neutral zone.
1:01 of 1st period - Colten Teubert is hit by Alex Pietrangelo and loses puck.
1:37 of 1st period - Nick Foligno is hit by Derek Boogaard and loses puck.
2:26 of 1st period - Wrist shot by Chris Bourque.
2:26 of 1st period - Stopped by Dan Ellis with a rebound.
3:28 of 1st period - Snap shot by Tuomo Ruutu.
3:28 of 1st period - Stopped by Hannu Toivonen without a rebound.
3:29 of 1st period - Brad Richards wins face-off versus David Legwand in Rangers zone.
3:29 of 1st period - Brad Richards is hit by Derek Boogaard.
3:36 of 1st period - Icing by David Legwand.
3:37 of 1st period - David Legwand wins face-off versus Patrice Bergeron in Sharks zone.
4:12 of 1st period - Lasse Kukkonen is hit by Matt Greene and loses puck.
4:26 of 1st period - Off-side.
4:27 of 1st period - Valtteri Filppula wins face-off versus Antoine Vermette in neutral zone.
4:40 of 1st period - Slapshot by Valtteri Filppula.
4:40 of 1st period - Shot Blocked by Michal Rozsival.
4:52 of 1st period - Brad Richards is hit by Derek Boogaard and loses puck.
5:41 of 1st period - Snap shot by Johan Franzen.
5:41 of 1st period - Shot Misses the Net.
5:55 of 1st period - Minor Penalty to Kim Johnsson for Interference.
5:56 of 1st period - David Legwand wins face-off versus Brad Richards in Sharks zone.
7:55 of 1st period - Penalty to Kim Johnsson is over, Kim Johnsson is back on ice.
7:58 of 1st period - Slapshot by Jason Allison.
7:58 of 1st period - Shot Misses the Net.
8:53 of 1st period - Colten Teubert is hit by Jason Allison and loses puck.
9:36 of 1st period - Nick Foligno is hit by Antoine Vermette and loses puck.
9:57 of 1st period - Matt Greene is hit by Marcel Hossa and loses puck.
12:22 of 1st period - Mike Cammalleri is hit by Derek Boogaard and loses puck.
12:35 of 1st period - Brad Richards is hit by Jason Allison and loses puck.
12:50 of 1st period - Radek Bonk is hit by Markus Naslund and loses puck.
14:41 of 1st period - Mark Fistric is hit by Jay Bouwmeester and loses puck.
15:08 of 1st period - Slapshot by Johan Franzen.
15:08 of 1st period - Stopped by Dan Ellis with a rebound.
15:32 of 1st period - Slapshot by Chris Bourque.
15:32 of 1st period - Stopped by Dan Ellis without a rebound.
15:33 of 1st period - Brad Richards wins face-off versus David Legwand in Sharks zone.
15:40 of 1st period - Wrist shot by Brad Richards.
15:40 of 1st period - Goal by Brad Richards - Rangers : 2 - Sharks : 0.
15:41 of 1st period - David Legwand wins face-off versus Milan Lucic in neutral zone.
16:07 of 1st period - Mike Cammalleri is hit by Jay Bouwmeester and loses puck.
16:32 of 1st period - Wrist shot by Alexander Radulov.
16:32 of 1st period - Shot Misses the Net.
16:50 of 1st period - Alex Pietrangelo is hit by Nick Foligno and loses puck.
17:03 of 1st period - Slapshot by Johan Franzen.
17:03 of 1st period - Shot Blocked by Paul Gaustad.
17:06 of 1st period - Icing by Paul Gaustad.
17:07 of 1st period - Brad Richards wins face-off versus Paul Gaustad in Sharks zone.
18:12 of 1st period - Gustav Nyquist is hit by Antoine Vermette.
18:24 of 1st period - Snap shot by Cam Barker.
18:24 of 1st period - Stopped by Dan Ellis without a rebound.
18:25 of 1st period - Ted Purcell wins face-off versus Radek Bonk in Sharks zone.
18:25 of 1st period - Ted Purcell is hit by Staffan Kronwall.
19:16 of 1st period - Drew Stafford is hit by Antoine Vermette and loses puck.
19:21 of 1st period - Wrist shot by Tuomo Ruutu.
19:21 of 1st period - Shot Misses the Net.
19:23 of 1st period - Slapshot by Tuomo Ruutu.
19:23 of 1st period - Stopped by Hannu Toivonen without a rebound.
19:24 of 1st period - David Legwand wins face-off versus Brad Richards in Rangers zone.
19:25 of 1st period - Wrist shot by Ted Purcell.
19:25 of 1st period - Shot Misses the Net.
19:27 of 1st period - Minor Penalty to Colten Teubert for Cross-checking.
19:28 of 1st period - David Legwand wins face-off versus Radek Bonk in Rangers zone.
19:29 of 1st period - Wrist shot by Ted Purcell.
19:29 of 1st period - Shot Misses the Net.
19:31 of 1st period - Slapshot by Derek Boogaard.
19:31 of 1st period - Shot Misses the Net.
19:33 of 1st period - Slapshot by Michal Rozsival.
19:33 of 1st period - Stopped by Hannu Toivonen without a rebound.
19:34 of 1st period - David Legwand wins face-off versus Radek Bonk in Rangers zone.
19:47 of 1st period - Mark Fistric is hit by Derek Boogaard and loses puck.
Goals for this period are 2 for Rangers vs 0 for Sharks.
Shots for this period are 7 for Rangers vs 3 for Sharks.

2nd period


0:01 of 2nd period - David Legwand wins face-off versus Radek Bonk in neutral zone.
0:06 of 2nd period - Slapshot by Ted Purcell.
0:06 of 2nd period - Shot Blocked by Radek Bonk.
0:08 of 2nd period - Slapshot by Ted Purcell.
0:08 of 2nd period - Goal by Ted Purcell - Rangers : 2 - Sharks : 1.
0:09 of 2nd period - David Legwand wins face-off versus Brad Richards in neutral zone.
0:20 of 2nd period - Snap shot by Ted Purcell.
0:20 of 2nd period - Stopped by Hannu Toivonen with a rebound.
0:45 of 2nd period - Snap shot by Milan Lucic.
0:45 of 2nd period - Stopped by Dan Ellis with a rebound.
0:49 of 2nd period - Snap shot by Milan Lucic.
0:49 of 2nd period - Shot Misses the Net.
0:51 of 2nd period - Snap shot by Cam Barker.
0:51 of 2nd period - Shot Blocked by Michal Rozsival.
0:53 of 2nd period - Slapshot by Cam Barker.
0:53 of 2nd period - Stopped by Dan Ellis with a rebound.
1:03 of 2nd period - Jakob Silfverberg is hit by Derek Boogaard and loses puck.
1:07 of 2nd period - Icing by Matt Greene.
1:08 of 2nd period - Antoine Vermette wins face-off versus Brad Richards in Rangers zone.
1:11 of 2nd period - Snap shot by Daniel Alfredsson.
1:11 of 2nd period - Stopped by Hannu Toivonen without a rebound.
1:12 of 2nd period - Antoine Vermette wins face-off versus Patrice Bergeron in Rangers zone.
1:22 of 2nd period - Off-side.
1:23 of 2nd period - Antoine Vermette wins face-off versus Valtteri Filppula in neutral zone.
1:49 of 2nd period - Patrice Bergeron is hit by Jay Bouwmeester and loses puck.
2:28 of 2nd period - Martin Erat is hit by Jakob Silfverberg and loses puck.
2:57 of 2nd period - Icing by Markus Naslund.
2:58 of 2nd period - Paul Gaustad wins face-off versus Patrice Bergeron in Sharks zone.
3:09 of 2nd period - Markus Naslund is hit by Chris Bourque and loses puck.
3:14 of 2nd period - Snap shot by Chris Bourque.
3:14 of 2nd period - Stopped by Dan Ellis without a rebound.
3:15 of 2nd period - Valtteri Filppula wins face-off versus David Legwand in Sharks zone.
4:03 of 2nd period - Cam Barker is hit by Jay Bouwmeester and loses puck.
4:08 of 2nd period - Wrist shot by Marcel Hossa.
4:08 of 2nd period - Stopped by Hannu Toivonen without a rebound.
4:09 of 2nd period - Ted Purcell wins face-off versus Valtteri Filppula in Rangers zone.
4:12 of 2nd period - Wrist shot by David Legwand.
4:12 of 2nd period - Stopped by Hannu Toivonen without a rebound.
4:13 of 2nd period - Ted Purcell wins face-off versus Valtteri Filppula in Rangers zone.
5:32 of 2nd period - Off-side.
5:33 of 2nd period - David Legwand wins face-off versus Brad Richards in neutral zone.
5:42 of 2nd period - Jay Bouwmeester is hit by Milan Lucic.
5:58 of 2nd period - Jay Bouwmeester is hit by Gustav Nyquist.
6:50 of 2nd period - Jakob Silfverberg is hit by Michal Rozsival and loses puck.
7:22 of 2nd period - Marcel Hossa is hit by Johan Franzen and loses puck.
7:49 of 2nd period - Chris Bourque is hit by Markus Naslund.
8:11 of 2nd period - Wrist shot by Tuomo Ruutu.
8:11 of 2nd period - Shot Misses the Net.
8:21 of 2nd period - Wrist shot by Ted Purcell.
8:21 of 2nd period - Shot Blocked by Staffan Kronwall.
8:23 of 2nd period - Wrist shot by Steve McCarthy.
8:23 of 2nd period - Stopped by Hannu Toivonen with a rebound.
8:25 of 2nd period - Slapshot by Kim Johnsson.
8:25 of 2nd period - Deflect By David Legwand.
8:25 of 2nd period - Shot Misses the Net.
8:25 of 2nd period - Puck is out of play.
8:26 of 2nd period - Radek Bonk wins face-off versus David Legwand in Rangers zone.
9:19 of 2nd period - Gustav Nyquist is hit by Alexander Radulov and loses puck.
9:34 of 2nd period - Wrist shot by Drew Stafford.
9:34 of 2nd period - Shot Misses the Net.
9:36 of 2nd period - Slapshot by Drew Stafford.
9:36 of 2nd period - Shot Blocked by Kim Johnsson.
9:38 of 2nd period - Wrist shot by Drew Stafford.
9:38 of 2nd period - Shot Blocked by Markus Naslund.
9:40 of 2nd period - Slapshot by Matt Greene.
9:40 of 2nd period - Stopped by Dan Ellis with a rebound.
9:42 of 2nd period - Wrist shot by Matt Greene.
9:42 of 2nd period - Deflect By Kim Johnsson.
9:42 of 2nd period - Stopped by Dan Ellis with a rebound.
9:44 of 2nd period - Wrist shot by Mike Cammalleri.
9:44 of 2nd period - Stopped by Dan Ellis without a rebound.
9:45 of 2nd period - Brad Richards wins face-off versus Ted Purcell in Sharks zone.
9:45 of 2nd period - Brad Richards is hit by Michal Rozsival.
10:01 of 2nd period - Slapshot by Jakob Silfverberg.
10:01 of 2nd period - Stopped by Dan Ellis with a rebound.
10:45 of 2nd period - Slapshot by Mark Fistric.
10:45 of 2nd period - Shot Misses the Net.
11:19 of 2nd period - Alexei Emelin is hit by Tuomo Ruutu and loses puck.
11:26 of 2nd period - Snap shot by Tuomo Ruutu.
11:26 of 2nd period - Deflect By Antoine Vermette.
11:26 of 2nd period - Stopped by Hannu Toivonen without a rebound.
11:27 of 2nd period - Brad Richards wins face-off versus David Legwand in Rangers zone.
11:52 of 2nd period - Cam Barker is hit by Michal Rozsival.
12:08 of 2nd period - Minor Penalty to Daniel Alfredsson for Interference.
12:09 of 2nd period - Brad Richards wins face-off versus David Legwand in Sharks zone.
12:14 of 2nd period - Wrist shot by Brad Richards.
12:14 of 2nd period - Stopped by Dan Ellis with a rebound.
12:16 of 2nd period - Backhand shot by Cam Barker.
12:16 of 2nd period - Stopped by Dan Ellis with a rebound.
12:18 of 2nd period - Slapshot by Brad Richards.
12:18 of 2nd period - Goal by Brad Richards - Rangers : 3 - Sharks : 1.
12:19 of 2nd period - David Legwand wins face-off versus Jakob Silfverberg in neutral zone.
12:24 of 2nd period - Slapshot by Jay Bouwmeester.
12:24 of 2nd period - Shot Blocked by Matt Greene.
12:30 of 2nd period - Slapshot by Matt Greene.
12:30 of 2nd period - Stopped by Dan Ellis with a rebound.
12:42 of 2nd period - Minor Penalty to Jay Bouwmeester for Interference.
12:43 of 2nd period - David Legwand wins face-off versus Brad Richards in Sharks zone.
14:42 of 2nd period - Penalty to Jay Bouwmeester is over, Jay Bouwmeester is back on ice.
15:26 of 2nd period - Johan Franzen is hit by Paul Gaustad and loses puck.
15:41 of 2nd period - Jason Allison is hit by Drew Stafford and loses puck.
15:54 of 2nd period - Colten Teubert is hit by David Legwand.
16:06 of 2nd period - Staffan Kronwall is hit by Jay Bouwmeester and loses puck.
16:56 of 2nd period - Wrist shot by Tuomo Ruutu.
16:56 of 2nd period - Stopped by Hannu Toivonen without a rebound.
16:57 of 2nd period - Antoine Vermette wins face-off versus Valtteri Filppula in Rangers zone.
17:03 of 2nd period - Icing by Valtteri Filppula.
17:04 of 2nd period - Valtteri Filppula wins face-off versus David Legwand in Rangers zone.
17:04 of 2nd period - Valtteri Filppula is hit by Derek Boogaard.
17:20 of 2nd period - Slapshot by Alex Pietrangelo.
17:20 of 2nd period - Stopped by Hannu Toivonen without a rebound.
17:21 of 2nd period - Brad Richards wins face-off versus Antoine Vermette in Rangers zone.
17:34 of 2nd period - Wrist shot by Brad Richards.
17:34 of 2nd period - Stopped by Dan Ellis without a rebound.
17:35 of 2nd period - David Legwand wins face-off versus Patrice Bergeron in Sharks zone.
18:00 of 2nd period - Antoine Vermette is hit by Milan Lucic and loses puck.
18:11 of 2nd period - Milan Lucic is hit by Alex Pietrangelo and loses puck.
18:26 of 2nd period - Snap shot by Jason Allison.
18:26 of 2nd period - Stopped by Hannu Toivonen with a rebound.
18:28 of 2nd period - Wrist shot by Steve McCarthy.
18:28 of 2nd period - Stopped by Hannu Toivonen with a rebound.
18:32 of 2nd period - Backhand shot by Marcel Hossa.
18:32 of 2nd period - Stopped by Hannu Toivonen without a rebound.
18:33 of 2nd period - Gustav Nyquist wins face-off versus David Legwand in Rangers zone.
18:33 of 2nd period - Gustav Nyquist is hit by Ted Purcell.
19:02 of 2nd period - Wrist shot by Marcel Hossa.
19:02 of 2nd period - Deflect By Jason Allison.
19:02 of 2nd period - Stopped by Hannu Toivonen without a rebound.
19:03 of 2nd period - Jason Allison wins face-off versus Milan Lucic in Rangers zone.
19:08 of 2nd period - Wrist shot by Marcel Hossa.
19:08 of 2nd period - Stopped by Hannu Toivonen without a rebound.
19:09 of 2nd period - David Legwand wins face-off versus Brad Richards in Rangers zone.
19:17 of 2nd period - Minor Penalty to Milan Lucic for Roughing.
19:18 of 2nd period - Radek Bonk wins face-off versus David Legwand in Rangers zone.
19:47 of 2nd period - Slapshot by Michal Rozsival.
19:47 of 2nd period - Deflect By Nick Foligno.
19:47 of 2nd period - Goal by Michal Rozsival - Rangers : 3 - Sharks : 2.
19:48 of 2nd period - Brad Richards wins face-off versus David Legwand in neutral zone.
Goals for this period are 1 for Rangers vs 2 for Sharks.
Shots for this period are 12 for Rangers vs 15 for Sharks.

3rd period


0:01 of 3rd period - David Legwand wins face-off versus Gustav Nyquist in neutral zone.
0:04 of 3rd period - Slapshot by Jay Bouwmeester.
0:04 of 3rd period - Shot Blocked by Matt Greene.
0:26 of 3rd period - Michal Rozsival is hit by Mike Cammalleri and loses puck.
0:33 of 3rd period - Snap shot by Mike Cammalleri.
0:33 of 3rd period - Stopped by Dan Ellis without a rebound.
0:34 of 3rd period - Daniel Alfredsson wins face-off versus Brad Richards in Sharks zone.
0:34 of 3rd period - Daniel Alfredsson is hit by Jakob Silfverberg.
0:49 of 3rd period - Minor Penalty to Colten Teubert for Tripping.
0:50 of 3rd period - David Legwand wins face-off versus Nick Foligno in Rangers zone.
1:33 of 3rd period - Snap shot by Tuomo Ruutu.
1:33 of 3rd period - Stopped by Hannu Toivonen without a rebound.
1:34 of 3rd period - Nick Foligno wins face-off versus Antoine Vermette in Rangers zone.
1:59 of 3rd period - Derek Boogaard is hit by Johan Franzen and loses puck.
2:49 of 3rd period - Penalty to Colten Teubert is over, Colten Teubert is back on ice.
2:54 of 3rd period - Alexander Radulov is hit by Colten Teubert and loses puck.
3:25 of 3rd period - Wrist shot by Jason Allison.
3:25 of 3rd period - Stopped by Hannu Toivonen with a rebound.
4:24 of 3rd period - Snap shot by Jason Allison.
4:24 of 3rd period - Shot Misses the Net.
4:40 of 3rd period - Wrist shot by Patrice Bergeron.
4:40 of 3rd period - Stopped by Dan Ellis with a rebound.
4:42 of 3rd period - Slapshot by Colten Teubert.
4:42 of 3rd period - Stopped by Dan Ellis with a rebound.
4:44 of 3rd period - Slapshot by Staffan Kronwall.
4:44 of 3rd period - Stopped by Dan Ellis with a rebound.
4:48 of 3rd period - Snap shot by Chris Bourque.
4:48 of 3rd period - Goal by Chris Bourque - Rangers : 4 - Sharks : 2.
4:49 of 3rd period - Valtteri Filppula wins face-off versus David Legwand in neutral zone.
5:16 of 3rd period - Tuomo Ruutu is hit by Matt Greene and loses puck.
5:17 of 3rd period - Tuomo Ruutu from Sharks is injured at 5:17 of 3rd period (Upper Body).
5:18 of 3rd period - David Legwand wins face-off versus Patrice Bergeron in Sharks zone.
5:23 of 3rd period - Wrist shot by Chris Bourque.
5:23 of 3rd period - Stopped by Dan Ellis with a rebound.
5:25 of 3rd period - Backhand shot by Matt Greene.
5:25 of 3rd period - Shot Blocked by Jay Bouwmeester.
5:27 of 3rd period - Slapshot by Matt Greene.
5:27 of 3rd period - Shot Misses the Net.
5:29 of 3rd period - Wrist shot by Patrice Bergeron.
5:29 of 3rd period - Stopped by Dan Ellis without a rebound.
5:30 of 3rd period - David Legwand wins face-off versus Patrice Bergeron in Sharks zone.
5:37 of 3rd period - Cam Barker is hit by Derek Boogaard and loses puck.
6:41 of 3rd period - Snap shot by Johan Franzen.
6:41 of 3rd period - Stopped by Dan Ellis without a rebound.
6:42 of 3rd period - Radek Bonk wins face-off versus David Legwand in Sharks zone.
6:43 of 3rd period - Snap shot by Johan Franzen.
6:43 of 3rd period - Shot Misses the Net.
7:09 of 3rd period - Icing by Radek Bonk.
7:10 of 3rd period - Antoine Vermette wins face-off versus Radek Bonk in Rangers zone.
7:22 of 3rd period - Minor Penalty to Jay Bouwmeester for Hooking.
7:23 of 3rd period - David Legwand wins face-off versus Brad Richards in Sharks zone.
7:23 of 3rd period - David Legwand is hit by Brad Richards.
7:38 of 3rd period - Snap shot by Milan Lucic.
7:38 of 3rd period - Deflect By Jakob Silfverberg.
7:38 of 3rd period - Deflect By David Legwand.
7:38 of 3rd period - Goal by Jakob Silfverberg - Rangers : 5 - Sharks : 2.
7:39 of 3rd period - Derek Boogaard wins face-off versus Valtteri Filppula in neutral zone.
7:42 of 3rd period - Wrist shot by Ted Purcell.
7:42 of 3rd period - Stopped by Hannu Toivonen without a rebound.
7:43 of 3rd period - David Legwand wins face-off versus Valtteri Filppula in Rangers zone.
8:24 of 3rd period - Cam Barker is hit by Michal Rozsival and loses puck.
9:10 of 3rd period - Wrist shot by Chris Bourque.
9:10 of 3rd period - Shot Misses the Net.
9:12 of 3rd period - Slapshot by Matt Greene.
9:12 of 3rd period - Stopped by Dan Ellis with a rebound.
9:14 of 3rd period - Wrist shot by Chris Bourque.
9:14 of 3rd period - Deflect By Patrice Bergeron.
9:14 of 3rd period - Shot Misses the Net.
9:14 of 3rd period - Puck is out of play.
9:15 of 3rd period - David Legwand wins face-off versus Valtteri Filppula in Sharks zone.
9:24 of 3rd period - Slapshot by David Legwand.
9:24 of 3rd period - Shot Misses the Net.
9:26 of 3rd period - Backhand shot by Ted Purcell.
9:26 of 3rd period - Shot Blocked by Mark Fistric.
9:28 of 3rd period - Wrist shot by Derek Boogaard.
9:28 of 3rd period - Stopped by Hannu Toivonen without a rebound.
9:29 of 3rd period - David Legwand wins face-off versus Brad Richards in Rangers zone.
10:18 of 3rd period - Johan Franzen is hit by Martin Erat and loses puck.
11:08 of 3rd period - Patrice Bergeron is hit by Derek Boogaard and loses puck.
11:25 of 3rd period - Wrist shot by Milan Lucic.
11:25 of 3rd period - Shot Misses the Net.
11:27 of 3rd period - Snap shot by Milan Lucic.
11:27 of 3rd period - Shot Blocked by Lasse Kukkonen.
11:44 of 3rd period - Slapshot by Alexei Emelin.
11:44 of 3rd period - Shot Misses the Net.
11:54 of 3rd period - Lasse Kukkonen is hit by Alexei Emelin and loses puck.
12:00 of 3rd period - Minor Penalty to Ted Purcell for Slashing.
12:01 of 3rd period - Brad Richards wins face-off versus Antoine Vermette in Sharks zone.
12:36 of 3rd period - Slapshot by Milan Lucic.
12:36 of 3rd period - Shot Misses the Net.
12:38 of 3rd period - Snap shot by Milan Lucic.
12:38 of 3rd period - Shot Misses the Net.
12:40 of 3rd period - Slapshot by Milan Lucic.
12:40 of 3rd period - Rangers goal is going for a video replay.
12:40 of 3rd period - The goal is refused. The net was displaced accidentally..
12:41 of 3rd period - David Legwand wins face-off versus Chris Bourque in Sharks zone.
12:52 of 3rd period - Snap shot by Chris Bourque.
12:52 of 3rd period - Stopped by Dan Ellis with a rebound.
12:54 of 3rd period - Slapshot by Mike Cammalleri.
12:54 of 3rd period - Stopped by Dan Ellis with a rebound.
12:56 of 3rd period - Slapshot by Gustav Nyquist.
12:56 of 3rd period - Stopped by Dan Ellis without a rebound.
12:57 of 3rd period - Patrice Bergeron wins face-off versus David Legwand in Sharks zone.
12:58 of 3rd period - Snap shot by Chris Bourque.
12:58 of 3rd period - Stopped by Dan Ellis with a rebound.
14:00 of 3rd period - Penalty to Ted Purcell is over, Ted Purcell is back on ice.
14:16 of 3rd period - Alex Pietrangelo is hit by Colten Teubert and loses puck.
14:37 of 3rd period - Martin Erat is hit by Colten Teubert and loses puck.
16:36 of 3rd period - Icing by Patrice Bergeron.
16:37 of 3rd period - Mike Cammalleri wins face-off versus Antoine Vermette in Rangers zone.
17:09 of 3rd period - Icing by Colten Teubert.
17:10 of 3rd period - Antoine Vermette wins face-off versus Valtteri Filppula in Rangers zone.
17:13 of 3rd period - Wrist shot by Antoine Vermette.
17:13 of 3rd period - Stopped by Hannu Toivonen without a rebound.
17:14 of 3rd period - Antoine Vermette wins face-off versus Brad Richards in Rangers zone.
17:15 of 3rd period - Slapshot by Paul Gaustad.
17:15 of 3rd period - Stopped by Hannu Toivonen without a rebound.
17:16 of 3rd period - Antoine Vermette wins face-off versus Brad Richards in Rangers zone.
18:05 of 3rd period - Wrist shot by Marcel Hossa.
18:05 of 3rd period - Shot Misses the Net.
18:09 of 3rd period - Slapshot by Alexander Radulov.
18:09 of 3rd period - Shot Misses the Net.
18:11 of 3rd period - Snap shot by Marcel Hossa.
18:11 of 3rd period - Deflect By Jason Allison.
18:11 of 3rd period - Shot Hit the Post.
18:11 of 3rd period - Puck is out of play.
18:12 of 3rd period - Brad Richards wins face-off versus Antoine Vermette in Rangers zone.
18:39 of 3rd period - Derek Boogaard is hit by Chris Bourque and loses puck.
Goals for this period are 2 for Rangers vs 0 for Sharks.
Shots for this period are 15 for Rangers vs 6 for Sharks.


Output by the SimonT Hockey Simulator (STHS) for François Prévost -- Original Page W3C XHTML 1.0 Valid
Hockey Simulator - Hockey Simulation - Hockey Manager